 Dungeon Crawl Stone Soup version 0.21-a0-91-ga5031da (webtiles) character file.

12 MackTheKnife the Slasher (level 2, 0/17 HPs)
             Began as a Tengu Gladiator on June 29, 2017.
             Slain by a hobgoblin
             ... wielding a +0 club
              (1 damage)
             ... on level 1 of the Dungeon.
             The game lasted 00:00:22 (552 turns).

MackTheKnife the Slasher (Tengu Gladiator)           Turns: 552, Time: 00:00:22

Health: 0/17       AC:  3    Str: 14    XL:     2   Next: 33%
Magic:  3/3        EV: 13    Int:  8    God:
Gold:   24         SH:  0    Dex: 15    Spells: 1/1 levels left

rFire    . . .     SeeInvis .   a - +0 long sword
rCold    . . .     Gourm    .   (no shield)
rNeg     . . .     Faith    .   b - +0 leather armour
rPois    .         Spirit   .   c - +0 hat
rElec    .         Reflect  .   (no cloak)
rCorr    .         Harm     .   (no gloves)
MR       .....                  (boots unavailable)
Stlth    +.........             (no amulet)
HPRegen  0.05/turn              (no ring)
MPRegen  0.08/turn              (no ring)

@: no status effects
A: beak, talons 3
a: no special abilities


You were on level 1 of the Dungeon.
You were not hungry.

You visited 1 branch of the dungeon, and saw 1 of its levels.

You collected 24 gold pieces.

Inventory:

Hand Weapons
 a - a +0 long sword (weapon)
Missiles
 d - 3 throwing nets {=f, !d}
Armour
 b - a +0 leather armour (worn)
 c - a +0 hat (worn)
Jewellery
 h - a cursed -2 ring of protection {unknown}
   (You found it on level 1 of the Dungeon)
 l - an uncursed ring of wizardry {unknown}
   (You found it on level 1 of the Dungeon)
Scrolls
 e - a scroll of identify {unknown}
 i - 2 scrolls of recharging {unknown}
 j - a scroll of magic mapping {unknown}
 m - a scroll of random uselessness {unknown}
Comestibles
 f - a bread ration {@e1}
 g - a meat ration {@e2}
 k - a fruit


   Skills:
 + Level 2.2 Fighting
 + Level 3.6 Long Blades
 - Level 2.0 Throwing
 + Level 3.5 Dodging


You had one spell level left.
You didn't know any spells.

Dungeon Overview and Level Annotations

Branches:
Dungeon (1/15)

Altars:


Innate Abilities, Weirdness & Mutations

You have a beak for a mouth.
You have claws for feet.


Message History

The giant cockroach misses you.
You hit the giant cockroach but do no damage.
The giant cockroach misses you. The hobgoblin hits you with a club.
The giant cockroach barely misses you.
You riposte.
You hit the giant cockroach.
You kill the giant cockroach!
You have reached level 2!
MP restored: 3 You hit the hobgoblin but do no damage.
Your kick misses the hobgoblin. The hobgoblin completely misses you.
You riposte.
You hit the hobgoblin but do no damage. Your kick misses the hobgoblin.
You hit the hobgoblin but do no damage. Your kick misses the hobgoblin.
The hobgoblin hits you with a club.
You take 1 damage, and have 7/17 hp.
Your leather armour prevents you from hitting the hobgoblin.
The hobgoblin hits you but does no damage.
You slash the hobgoblin!
You kill the hobgoblin!
Things that are here:
a club; a hobgoblin corpse You start resting.
A giant cockroach comes into view.
Health restored: 17 A giant cockroach is nearby!
A giant cockroach is nearby!
A giant cockroach is nearby!
Found a stone staircase leading down.
The giant cockroach closely misses you.
You barely miss the giant cockroach.
You claw the giant cockroach, but do no damage.
The giant cockroach barely misses you.
You riposte.
You closely miss the giant cockroach. Your kick misses the giant cockroach.
You peck the giant cockroach, but do no damage.
You hit the giant cockroach but do no damage.
Your kick misses the giant cockroach.
The giant cockroach completely misses you.
The giant cockroach barely misses you.
You hit the giant cockroach. You claw the giant cockroach.
The giant cockroach completely misses you.
The giant cockroach bites you but does no damage.
You closely miss the giant cockroach. Your kick misses the giant cockroach.
The giant cockroach misses you.
You riposte.
You hit the giant cockroach.
You kill the giant cockroach!
No target in view!
i - a scroll labeled VISCHE TIORGHUO A hobgoblin comes into view.
It is wielding a club.
A hobgoblin is nearby!
The hobgoblin shouts!
You hit the hobgoblin.
You kill the hobgoblin!
No target in view!
No target in view!
j - a scroll labeled IHINUD CILURR You open the door.
There is an open door here.
i - 2 scrolls labeled VISCHE TIORGHUO (gained 1)
You open the door.
There is an open door here.
k - a fruit You now have 15 gold pieces (gained 6).
You see here 16 stones.
l - a knobbly copper ring
m - a scroll labeled ISKAAN DYI No target in view!
No target in view!
No target in view!
(D) Dungeon
Where to? (? - help)
Okay, then.
You open the door.
There is an open door here.
There is an open door here.
You now have 24 gold pieces (gained 9).
You see here 19 bolts.
You see here a hand axe.
A hobgoblin comes into view. It is wielding a club.
The hobgoblin shouts!
A hobgoblin is nearby!
A hobgoblin is nearby!
A goblin comes into view. It is wielding a club.
You closely miss the hobgoblin.
You claw the hobgoblin, but do no damage.
The hobgoblin hits you with a club.
You take 6 damage, and have 11/17 hp.
MASSIVE DAMAGE!!
You hit the goblin. The goblin hits you with a club.
The hobgoblin hits you but does no damage.
You take 5 damage, and have 6/17 hp.
MASSIVE DAMAGE!!
The hobgoblin hits you with a club.
* * * LOW HITPOINT WARNING * * *
You take 5 damage, and have 1/17 hp.
MASSIVE DAMAGE!!
You hit the goblin.
You kill the goblin!
You barely miss the hobgoblin.
The hobgoblin hits you but does no damage.
You hit the hobgoblin but do no damage. Your peck misses the hobgoblin.
The hobgoblin hits you with a club.
You die...

#### ######## ..# #......#
#.# #.####.#
####.#####.####.####.#
........g@........##.#
##############.##.####.#.##.#
...<#.#......#..#.# #.#.##.#
####+.'#####.#....# #.#.##.#
.............#..### #......#
##.########.##.## ###....#
#.# #...#.# #..#.# #.#
###.#.# ##...# ... #.# ##)##


You could see a hobgoblin.

Vanquished Creatures
  A dart slug (D:1)
  2 giant cockroaches (D:1)
  A goblin (D:1)
  2 hobgoblins (D:1)
  2 kobolds (D:1)
  2 rats (D:1)
10 creatures vanquished.

Notes
Turn   | Place    | Note
-------+----------+-------------------------------------------
     0 | D:1      | MackTheKnife the Tengu Gladiator began the quest for the Orb.
     0 | D:1      | Reached XP level 1. HP: 12/12 MP: 2/2
    95 | D:1      | Reached XP level 2. HP: 8/17 MP: 3/3
   548 | D:1      | HP: 1/17 [hobgoblin/club (5)]
   552 | D:1      | Slain by a hobgoblin

Vault maps used:
D:1:      onia_arrival_mini_maze_b, minmay_pentomino_q2

Action                   || total
-------------------------++-------
Melee: Long sword        ||    23
       Kick              ||     6
       Peck              ||     2
Armor: Leather armour    ||     2
Dodge: Dodged            ||    19
       Rpst.: Long sword ||     5

Vault maps used:
D:1:      onia_arrival_mini_maze_b, minmay_pentomino_q2

Table legend:
 A = Turns spent in this place as a percentage of turns spent in the entire game.
 B = Non-inter-level travel turns spent in this place as a percentage of non-inter-level travel turns spent in the entire game.
 C = Inter-level travel turns spent in this place as a percentage of turns spent in this place.
 D = Turns resting spent in this place as a percentage of non-inter-level travel turns spent in this place.
 E = Turns spent auto-exploring this place as a percentage of non-inter-level travel turns spent in this place.
 F = Non-inter-level travel turns spent in this place divided by the number of levels of this place that you've seen.
                   A       B       C       D       E      F
               +-------+-------+-------+-------+-------+----------------------
         Total | 100.0 | 100.0 |   0.0 |   2.4 |  14.3 |  84.0
       Dungeon | 100.0 | 100.0 |   0.0 |   2.4 |  14.3 |  84.0
               +-------+-------+-------+-------+-------+----------------------

Table legend:
 A = Kills in this place as a percentage of kills in entire the game.
 B = Kills by you in this place as a percentage of kills by you in the entire game.
 C = Kills by friends in this place as a percentage of kills by friends in the entire game.
 D = Other kills in this place as a percentage of other kills in the entire game.
 E = Experience gained in this place as a percentage of experience gained in the entire game.
 F = Experience gained in this place divided by the number of levels of this place that you have seen.
                   A       B       C       D       E      F
               +-------+-------+-------+-------+-------+----------------------
         Total | 100.0 | 100.0 |  -nan |  -nan | 100.0 |  18.0
       Dungeon | 100.0 | 100.0 |  -nan |  -nan | 100.0 |  18.0
               +-------+-------+-------+-------+-------+----------------------
